 Dungeon Crawl Stone Soup version 0.31-a0-239-g0a1456f148 (webtiles) character file.

Game seed: 8128220325621646571

155 qw the Shooter (level 5, -4/31 HPs)
             Began as a Gargoyle Hexslinger on July 11, 2023.
             Slain by a bullfrog (5 damage)
             ... in a sewer.
             The game lasted 00:00:54 (1771 turns).

qw the Shooter (Gargoyle Hexslinger)                Turns: 1771, Time: 00:00:54

Health: -4/31      AC:  7    Str: 11      XL:     5   Next: 37%
Magic:  6/6        EV: 12    Int: 14      God:
Gold:   112        SH:  0    Dex: 13 (14) Spells: 5/6 levels left

rFire   . . .        Y - +2 sling
rCold   . . .        (no shield)
rNeg    + . .        c - +0 robe
rPois   inf          (no helmet)
rElec   +            (no cloak)
rCorr   .            b - +0 pair of gloves
SInv    .            (no boots)
Will    .....        (no amulet)
Stlth   +            (no ring)
HPRegen 0.25/turn    (no ring)
MPRegen 0.10/turn

%: no passive effects
@: very slow
A: sickness immunity, AC +4, negative energy resistance 1, electricity
resistance, torment resistance 1, petrification resistance
a: no special abilities


You were in a sewer.
You visited 1 branch of the dungeon, and saw 3 of its levels.
You also visited: Sewer.

You collected 112 gold pieces.


Innate Abilities, Weirdness & Mutations

You are immune to sickness and miasma.
Your stone body is resilient. (AC +4)
You are immune to poison.
You resist negative energy. (rN+)
You are resistant to electric shocks. (rElec)
You are resistant to unholy torment.
You are immune to petrification.


   Skills:
 + Level 2.4 Fighting
 - Level 5.0 Ranged Weapons
 - Level 1.5 Dodging
 - Level 1.0 Spellcasting
 - Level 2.6 Hexes


You had 5 spell levels left.
You knew the following spells:

 Your Spells              Type           Power      Damage    Failure   Level
a - Slow                  Hex            32%        N/A       9%          1

Your spell library contained the following spells:

 Spells                   Type           Power      Damage    Failure   Level
 Inner Flame              Hex/Fire       4%         N/A       41%         3
 Portal Projectile        Hex/Tloc       8%         N/A       41%         3
 Cause Fear               Hex            4%         N/A       65%         4

Inventory:

Hand Weapons
 Y - a +2 sling (weapon)
Armour
 b - a +0 pair of gloves (worn)
 c - a +0 robe (worn)
Potions
 a - a potion of lignification {unknown}
 d - a potion of attraction {unknown}
 g - a potion of curing
 k - a potion of mutation {unknown}

Dungeon Overview and Level Annotations

Branches:
Dungeon (3/15)              Sewer (1/1)

Altars:


Message History

The bullfrog hits you. The bullfrog barely misses you.
The bullfrog hits you but does no damage.
You shoot a sling bullet.
The sling bullet closely misses the bullfrog.
The bullfrog barely misses you. The bullfrog closely misses you.
The bullfrog hits you.
You shoot a sling bullet. The sling bullet hits the bullfrog.
The bullfrog is severely wounded.
The bullfrog barely misses you.
The bullfrog hits you but does no damage.
The bullfrog hits you. x2
You shoot a sling bullet. The sling bullet misses the bullfrog.
The bullfrog barely misses you. The bullfrog closely misses you. x2
You shoot a sling bullet.
The sling bullet barely misses the bullfrog.
The bullfrog hits you. The bullfrog closely misses you.
The bullfrog barely misses you.
You shoot a sling bullet.
The sling bullet closely misses the bullfrog.
The bullfrog hits you but does no damage.
The bullfrog closely misses you.
The bullfrog hits you but does no damage.
The bullfrog hits you.
You shoot a sling bullet. The sling bullet hits the bullfrog.
The bullfrog is severely wounded.
The bullfrog hits you.
The bullfrog hits you but does no damage.
The bullfrog barely misses you. The bullfrog misses you.
You shoot a sling bullet. The sling bullet hits the bullfrog.
The bullfrog is almost dead.
The bullfrog hits you but does no damage.
The bullfrog hits you. The bullfrog barely misses you.
You shoot a sling bullet.
The sling bullet completely misses the bullfrog.
The bullfrog snags a nearby centipede with its tongue.
The bullfrog misses you. The bullfrog hits you. x2
You shoot a sling bullet. The sling bullet hits the bullfrog.
You kill the bullfrog!
The bullfrog hits you.
You die...

#.~~~~~~~ #~# #.~~~~~~~~~~.~~
#.# ### #.~~~~~~~~~~~~~ #%#
#.# #.~~~~~~~~~))~~ #.# #\#
#.~~~~~~~~?)$.~ #%# #.#
#.~~~~~~~~~).~~ #.# #\#
#.~~~.~~~~~..~~ #.# #.#
#.~~~.~~~~~~~~~ #.# #.#
#.~~~.~@F~~~~~~ #.#
##~###.~~~.~~~~~~~~~ #.#
#.~.##.~~~.#~~~~~~~~ #%#
#.~.##.~~~.#~~~~~~~~ #.#
#.~~##.~~~.###~~~~~# #.#
#.~~##.~~~.# ###### #.#
#~~.##.~~~.# #.# #~~~##~~~~~#
#.#
##.~~##~~~~~################%#


You could see a bullfrog.

Vanquished Creatures
  A bullfrog (Sewer)
  A gnoll (D:1)
  9 adders
  A river rat (D:3)
  A worm (D:3)
  A dart slug (D:1)
  An endoplasm (D:1)
  6 giant cockroaches
  3 goblins
  5 hobgoblins
  4 kobolds
  5 quokkas
  4 ball pythons
  A bat (D:1)
  6 frilled lizards
  7 rats
56 creatures vanquished.

Notes
Turn   | Place    | Note
-------+----------+-------------------------------------------
     0 | D:1      | qw the Gargoyle Hexslinger began the quest for the Orb.
     0 | D:1      | Reached XP level 1. HP: 12/12 MP: 2/2
     0 | D:1      | 0 ||| qw: Version: 0.3-a-52-g30416fa
     0 | D:1      | 0 ||| qw: Game counter: 5936
     0 | D:1      | 0 ||| qw: Melee chars always use a shield: true
     0 | D:1      | 0 ||| qw: God list: Okawaru
     0 | D:1      | 0 ||| qw: Allow faded altars: false
     0 | D:1      | 0 ||| qw: Do Orc after clearing Dungeon:15 true
     0 | D:1      | 0 ||| qw: Do second Lair branch before Depths: true
     0 | D:1      | 0 ||| qw: Lair rune preference: random
     0 | D:1      | 0 ||| qw: Goals: Normal
     0 | D:1      | 0 ||| PLANNING D:1-11
   182 | D:1      | Reached XP level 2. HP: 16/16 MP: 3/3
   257 | D:1      | Reached skill level 3 in Ranged Weapons
   309 | D:1      | Found a faded altar of an unknown god.
   653 | D:1      | 653 ||| READING scroll labelled OMOUPED VETS.
   654 | D:1      | 654 ||| READING scroll labelled XOOZ COXEORUH.
   657 | D:1      | 657 ||| DROPPING scroll of poison.
   681 | D:2      | Reached XP level 3. HP: 19/20 MP: 4/4
   699 | D:2      | Identified the +3 dagger "Ogudok" {speed, rPois rF++}
  1267 | D:2      | 1267 ||| UPGRADING to +0 pair of gloves.
  1272 | D:2      | 1272 ||| READING scroll labelled BUCVOH PUUDOHY.
  1273 | D:2      | 1273 ||| READING scroll labelled NAUGILL OQECS.
  1274 | D:2      | 1274 ||| READING scroll labelled BAFYHAIGUJA.
  1275 | D:2      | 1275 ||| READING scroll labelled RUBIRE WUUFRYE.
  1276 | D:2      | 1276 ||| DRINKING 2 fizzy cyan potions.
  1354 | D:3      | 1354 ||| PLANNING SEWER
  1382 | D:3      | Reached XP level 4. HP: 26/26 MP: 5/5
  1406 | D:3      | HP: 4/26 [river rat (8)]
  1407 | D:3      | 1407 ||| READING scroll of teleportation.
  1409 | D:3      | Reached skill level 4 in Ranged Weapons
  1512 | D:3      | Found a glowing drain.
  1513 | D:3      | 1513 ||| DRINKING 3 fizzy ruby potions.
  1514 | D:3      | 1514 ||| DROPPING 2 potions of degeneration.
  1523 | Sewer    | Entered a sewer
  1528 | Sewer    | 1528 ||| Stepping ~*~*~tactically~*~*~ (water).
  1556 | Sewer    | 1556 ||| Stepping ~*~*~tactically~*~*~ (water).
  1569 | Sewer    | 1569 ||| Stepping ~*~*~tactically~*~*~ (water).
  1579 | Sewer    | Reached XP level 5. HP: 30/30 MP: 6/6
  1646 | Sewer    | 1646 ||| Stepping ~*~*~tactically~*~*~ (water).
  1667 | Sewer    | 1667 ||| Stepping ~*~*~tactically~*~*~ (water).
  1709 | Sewer    | Reached skill level 5 in Ranged Weapons
  1769 | Sewer    | HP: 5/31 [bullfrog (3)]
  1770 | Sewer    | HP: 1/31 [bullfrog (2)]
  1771 | Sewer    | Slain by a bullfrog

Levels and vault maps discovered:
D:1:      scummos_arrival_simple_fountains, layout_loops_ring,
          hellmonk_ecumenical_altar_arch_garden
D:2:      layout_basic, palyth_stone_intersect
D:3:      cheibrodos_pilgrimage, layout_loops_ring, portal_sewer_entry_b
Sewer:    sewer_frog_island_01

Skill      XL: |  1  2  3  4  5 |
---------------+----------------+-----
Ranged Weapons | 3 4 5 |  5.0
Fighting       | 2 |  2.4
Dodging        | |  1.5
Spellcasting   | |  1.0
Hexes          | |  2.6

Action                     |  1- 3 |  4- 6 || total
---------------------------+-------+-------++-------
   Fire: Sling             |   106 |   136 ||   242
    Use: Scroll            |     6 |     1 ||     7
         Potion            |     1 |     1 ||     2
 Armour: Robe              |    14 |    43 ||    57
  Dodge: Dodged            |    31 |    73 ||   104

Table legend:
 A = Non-vault XP
 B = Vault XP
 C = Vault XP percentage of total XP
 D = Non-vault monster count
 E = Vault monster count
 F = Vault count percentage of total count
                 A         B        C        D         E       F
            +---------+---------+-------+---------+---------+-------
      Total |      84 |     231 |  73.3 |      28 |      28 |  50.0
            +---------+---------+-------+---------+---------+-------
        D:1 |      33 |       0 |   0.0 |      10 |       0 |   0.0
        D:2 |      46 |       0 |   0.0 |      15 |       0 |   0.0
        D:3 |       5 |      25 |  83.3 |       3 |       8 |  72.7
      Sewer |       0 |     206 | 100.0 |       0 |      20 | 100.0
            +---------+---------+-------+---------+---------+-------
